 Dungeon Crawl Stone Soup version 0.30-a0-310-g7d6cbdfea6 (webtiles) character file.

Game seed: 6706620234204371822

1429 Low2 the Trooper (level 8, 0/83 HPs)
             Began as an Ogre Gladiator on Oct 25, 2022.
             Was an Initiate of Ashenzari.
             Succumbed to a kobold brigand's poison
             ... on level 6 of the Dungeon.
             The game lasted 00:23:16 (4008 turns).

Low2 the Trooper (Ogre Gladiator)                   Turns: 4008, Time: 00:23:17

Health: 0/83       AC:  5    Str: 18 (21) XL:     8   Next: 73%
Magic:  8/8        EV: 10    Int:  6 (9)  God:    Ashenzari [......]
Gold:   2185       SH:  0    Dex:  9 (10) Spells: 7/7 levels left

rFire   + . .      SeeInvis .    p - +5 quarterstaff (chaos)
rCold   x . .      Faith    .    (shield currently unavailable)
rNeg    . . .      Spirit   .    b - +1 robe
rPois   .          Reflect  .    c - +1 hat
rElec   .          Harm     .    (no cloak)
rCorr   .          Rampage  .    (gloves unavailable)
Will    .....                    (boots unavailable)
Stlth   ++........               (no amulet)
HPRegen 0.33/turn                l - ring of fire
MPRegen 0.11/turn                (no ring)

@: lethally poisoned (0 -> -6)
A: large, unfitting armour, tough skin 1
a: Renounce Religion, Curse Item


You were on level 6 of the Dungeon.
You worshipped Ashenzari.
Ashenzari was noncommittal.
You visited 1 branch of the dungeon, and saw 6 of its levels.

You collected 2295 gold pieces.
You spent 110 gold pieces at shops.

Inventory:

Hand Weapons
 a - a +0 war axe
 n - the +5 whip of Subterfuge {vorpal, Dex+9}
   (You found it on level 2 of the Dungeon)

   It inflicts extra damage upon your enemies.
   Dex:       It affects your dexterity (+9).
 p - a +5 quarterstaff of chaos (weapon)
Armour
 b - a +1 robe (worn)
 c - a +1 hat (worn)
Jewellery
 j - a ring of see invisible
 l - a ring of fire (left hand)
Scrolls
 h - a scroll of amnesia
 r - a scroll of brand weapon
Potions
 g - a potion of brilliance


   Skills:
 + Level 5.7 Fighting
 + Level 5.0(5.1) Axes
 + Level 0.7(4.2) Maces & Flails
 + Level 5.1(5.2) Staves
 + Level 3.4 Throwing
 + Level 5.0 Dodging
 + Level 2.2 Stealth
 + Level 2.0 Evocations


You had 7 spell levels left.
You didn't know any spells.
Your spell library contained the following spells:

 Spells                   Type           Power      Damage    Failure   Level
 Dazzling Flash           Conj/Hex       0%         N/A       83%         3
 Iskenderun's Mystic Bla  Conj/Tloc      0%         2d3       99%         4
 Starburst                Conj/Fire      0%         6d3       100%        6


Dungeon Overview and Level Annotations

Branches:
Dungeon (6/15)
 Temple: D:4-7

Altars:
Ashenzari
Cheibriados
Fedhas

Shops:
D:2 !

Portals:
Abyss: D:5

Annotations:
D:5 2 transporters, hgbash's ghost, amateur DsIE
D:6 2 transporters, pigah's ghost, novice OpWn


Innate Abilities, Weirdness & Mutations

You are too large for most types of armour.
You have tough skin. (AC +1)


Message History

Your Dodging skill increases to level 5!
The gnoll hits you with a +0 spear!
* * * LOW HITPOINT WARNING * * *
As you read the scroll of enchant armour, it crumbles to dust.
Your +0 hat glows green for a moment.
The kobold brigand hits you with a +0 dagger.
* * * LOW HITPOINT WARNING * * *
Okay, then.
The kobold brigand hits you but does no damage.
A kobold comes into view. It is wielding a +0 club.
You flicker for a moment.
You flicker back into view.
The kobold brigand throws a poisoned dart.
The poisoned dart hits you!
You are poisoned.
You feel sick.
You feel sick.
You feel sick.
You feel sick.
You feel sick.
You feel sick.
You feel sick.
You are no longer poisoned.
The gnoll barely misses you.
The kobold brigand throws a poisoned dart.
The poisoned dart hits you!
You are poisoned.
There is an open door here.
* * * LOW HITPOINT WARNING * * *
You feel sick.
The kobold brigand throws a poisoned dart.
The poisoned dart hits you!
You are lethally poisoned!
* * * LOW HITPOINT WARNING * * *
You feel very sick.
Unknown command.
* * * LOW HITPOINT WARNING * * *
You feel sick. The gnoll barely misses you.
You closely miss the gnoll.
You die...

.................).........#
.......................#..##
<..........###+#..........#
##############.#..........#
#..........#...#
#...#.####.#...# #...#.#
#.#...# #...#.# #.#.#...
#...#@# #.#.#.#.
#####...#g####.#.#.#
#...........##.#.#.#
#...........##.#.#.#
#...........##.#.#.#
####..................#
#.............©.......#
#.........#########...#
#........##8WT?$.8##.....


You could see a gnoll.

Vanquished Creatures
  Eustachio (D:4)
  Menkaure (D:4)
  A water moccasin (D:5)
  An ice beast (D:6)
  Blork the orc (D:5)
  A gnoll sergeant (D:5)
  A scorpion (D:6)
  5 wights (D:4)
  A necrophage (D:6)
  4 hounds
  Crazy Yiuf (D:2)
  2 orc priests (D:5)
  2 iguanas
  7 gnolls
  6 adders
  An ufetubus (D:5)
  2 dart slugs
  5 orcs
  3 endoplasms
  2 giant cockroaches (D:1)
  6 goblins
  4 hobgoblins
  7 jackals
  6 quokkas
  8 ball pythons
  7 bats
  2 frilled lizards (D:1)
  2 kobolds
  4 rats (D:1)
94 creatures vanquished.

Vanquished Creatures (others)
  2 fungi (D:2)
2 creatures vanquished.

Grand Total: 96 creatures vanquished

Notes
Turn   | Place    | Note
-------+----------+-------------------------------------------
     0 | D:1      | Low2 the Ogre Gladiator began the quest for the Orb.
     0 | D:1      | Reached XP level 1. HP: 22/22 MP: 1/1
    61 | D:1      | Reached XP level 2. HP: 22/29 MP: 2/2
   298 | D:1      | Found a faded altar of an unknown god.
   320 | D:1      | Prayed at the altar of an unknown god.
   320 | D:1      | Became a worshipper of Ashenzari the Shackled
   360 | D:1      | Reached XP level 3. HP: 35/37 MP: 3/3
  1066 | D:2      | Found Nontef's Distillery.
  1078 | D:2      | Bought a potion of curing for 30 gold pieces
  1078 | D:2      | Bought a potion of curing for 30 gold pieces
  1078 | D:2      | Bought a potion of heal wounds for 50 gold pieces
  1132 | D:2      | Identified the +5 whip of Subterfuge {vorpal, Dex+9}
  1401 | D:2      | Found a runed translucent door.
  1402 | D:2      | Noticed Crazy Yiuf
  1411 | D:2      | Killed Crazy Yiuf
  1412 | D:2      | Reached XP level 4. HP: 29/45 MP: 4/4
  1684 | D:3      | Reached XP level 5. HP: 49/53 MP: 5/5
  1774 | D:3      | Identified 2 scrolls of acquirement
  1774 | D:3      | Acquired 1150 gold pieces
  1778 | D:3      | Acquired 932 gold pieces
  1835 | D:4      | Found a blossoming altar of Fedhas.
  1931 | D:4      | Noticed Eustachio
  1945 | D:4      | Killed Eustachio
  1946 | D:4      | Reached skill level 1 in Staves
  1946 | D:4      | Reached skill level 1 in Stealth
  1946 | D:4      | Reached XP level 6. HP: 52/62 MP: 6/6
  2118 | D:4      | Noticed Menkaure
  2124 | D:4      | Killed Menkaure
  2261 | D:4      | Reached skill level 5 in Axes
  2261 | D:4      | Reached XP level 7. HP: 26/67 MP: 7/7
  2634 | D:5      | Entered Level 5 of the Dungeon
  2668 | D:5      | Found a transporter.
  2803 | D:5      | Found a snail-covered altar of Cheibriados.
  3319 | D:5      | Noticed Blork the orc
  3339 | D:5      | Reached XP level 8. HP: 58/79 MP: 8/8
  3341 | D:5      | Killed Blork the orc
  3342 | D:5      | Reached skill level 5 in Fighting
  3374 | D:5      | Reached skill level 1 in Evocations
  3606 | D:5      | Found a transporter.
  3627 | D:5      | Found a one-way gate to the infinite horrors of the Abyss.
  3627 | D:5      | Noticed hgbash's ghost (amateur DsIE)
  3856 | D:6      | Noticed a troll
  3858 | D:6      | Noticed pigah's ghost (novice OpWn)
  3866 | D:6      | Reached skill level 5 in Staves
  3888 | D:6      | Found a transporter.
  3901 | D:6      | Found a transporter.
  3962 | D:6      | Reached skill level 5 in Dodging
  3965 | D:6      | HP: 4/83 [kobold brigand/+0 dagger (4)]
  4006 | D:6      | HP: 4/83 [poisoned by a kobold brigand]
  4008 | D:6      | Succumbed to a kobold brigand's poison

Illustrated notes

Levels and vault maps discovered:
D:1:      shiori_arrival_whats_in_store_for_you, layout_loops_ring,
          shapermc_ecumenical_altar_totnotflames,
          hangedman_abyss_or_decor_lesser_grid, minmay_tromino_v4_c
D:2:      layout_loops_ring, serial_shops, shop, uniq_crazy_yiuf_cottage
D:3:      layout_basic, serial_shops, shop
D:4:      layout_rooms, mainiacjoe_overflow_tiny_flanked,
          chequers_serial_rivers_small_a, uniq_eustachio, uniq_menkaure
D:5:      layout_layer_cave, cheibriados_altar_1,
          gammafunk_ghost_abyssal_escape, nicolae_elevator_lobby_asterisk,
          uniq_blork_the_orc
D:6:      layout_basic, gammafunk_ghost_arena, grunt_ministairs_1,
          amcnicky_mini_corridor_feature

Skill      XL: |  1  2  3  4  5  6  7  8 |
---------------+-------------------------+-----
Fighting       | 3 4 5 |  5.7
Dodging        | 3 4 5 |  5.0
Axes           | 4 5 |  5.0
Staves         | 1 2 4 5 |  5.1
Stealth        | 1 2 |  2.2
Throwing       | 3 |  3.4
Evocations     | 2 |  2.0
Maces & Flails | |  0.7

Action                   |  1- 3 |  4- 6 |  7- 9 || total
-------------------------+-------+-------+-------++-------
Melee: War axe           |    97 |       |       ||    97
       Punch             |     1 |       |       ||     1
       Whip              |     4 |       |       ||     4
       Quarterstaff      |       |    35 |    66 ||   101
Throw: Throwing net      |     4 |     4 |     5 ||    13
       Large rock        |       |       |    10 ||    10
       Javelin           |       |       |    11 ||    11
Evoke: Wand              |       |       |    25 ||    25
  Use: Potion            |     1 |       |    11 ||    12
       Scroll            |       |     8 |     4 ||    12
 Stab: Held in net/web   |     1 |       |     1 ||     2
       Sleeping          |     1 |       |       ||     1
       Invisible         |       |       |     1 ||     1
Armor: Robe              |    72 |    14 |    34 ||   120
Dodge: Dodged            |    99 |    22 |   103 ||   224

Table legend: (Time is in decaauts)
 A = Elapsed time spent in this place.
 B = Non-inter-level travel time spent in this place.
 C = Inter-level travel time spent in this place.
 D = Time resting spent in this place.
 E = Time spent auto-exploring this place.
 F = Levels seen in this place.
 G = Mean time per level.
                   A        B        C        D        E       F      G
               +--------+--------+--------+--------+--------+-----+--------+
         Total |   4064 |   4064 |      0 |    896 |      0 |   6 |  677.3 |
       Dungeon |   4064 |   4064 |      0 |    896 |      0 |   6 |  677.3 |
               +--------+--------+--------+--------+--------+-----+--------+

Top non-repeatable levels by time:
     D:4: 940 daAuts
     D:5: 924 daAuts
     D:2: 813 daAuts
     D:1: 759 daAuts
     D:6: 339 daAuts
     D:3: 287 daAuts
